 Dungeon Crawl Stone Soup version 0.30.0-29-ga12c61a403 (webtiles) character file.

Game seed: 11615458831117966353

415 cdecastro the Grasshopper (level 6, -6/55 HPs)
             Began as an Armataur Warper on June 6, 2023.
             Killed from afar by a steam dragon (16 damage)
             ... with a ball of steam
             ... on level 4 of the Dungeon.
             The game lasted 00:08:38 (3465 turns).

cdecastro the Grasshopper (Armataur Warper)         Turns: 3465, Time: 00:08:39

Health: -6/55      AC:  7    Str: 16    XL:     6   Next: 60%
Magic:  8/8        EV:  9    Int: 16    God:
Gold:   172        SH:  0    Dex:  9    Spells: 8/8 levels left

rFire   . . .        k - +1 mace (protect)
rCold   . . .        (no shield)
rNeg    . . .        b - +0 leather armour
rPois   .            (no helmet)
rElec   .            j - +0 cloak
rCorr   +            r - +1 pair of gloves
SInv    .            (no barding)
Will    .....        (no amulet)
Stlth   +            e - +4 ring of slaying
HPRegen 0.29/turn    C - ring of resist corrosion
MPRegen 0.11/turn

%: roll
@: no status effects
A: large, rugged brown scales 3, deformed body, armoured tail, roll, long
tongue, awkward tongue
a: no special abilities


You were on level 4 of the Dungeon.
You visited 1 branch of the dungeon, and saw 4 of its levels.

You collected 224 gold pieces.
You spent 52 gold pieces at shops.

Inventory:

Hand Weapons
 k - a +1 mace of protection (weapon)
Missiles
 d - 7 boomerangs of dispersal (quivered)
 t - 6 poisoned darts
Armour
 b - a +0 leather armour (worn)
 j - a +0 cloak (worn)
 r - a +1 pair of gloves (worn)
Jewellery
 e - a +4 ring of slaying (left hand)
 C - a ring of resist corrosion (right hand)
Wands
 w - a wand of polymorph (3)
 y - a wand of flame (19)
Scrolls
 a - 4 scrolls of identify {unknown}
 c - a scroll of blinking
 f - 2 scrolls of fear {unknown}
 i - a scroll of magic mapping {unknown}
 n - a scroll of enchant armour {unknown}
 p - a scroll of vulnerability {unknown}
 q - a scroll of torment {unknown}
 s - a scroll of noise {unknown}
 u - a scroll of brand weapon {unknown}
 v - a scroll of acquirement {unknown}
 x - a scroll of immolation {unknown}
 B - 2 scrolls of teleportation {unknown}
 D - a scroll of amnesia {unknown}
Potions
 g - 3 potions of flight {unknown}
 h - 2 potions of might
 l - 3 potions of heal wounds {unknown}
 m - a potion of mutation {unknown}
 o - 2 potions of degeneration {unknown}
 z - a potion of curing {unknown}
 A - 2 potions of lignification {unknown}


   Skills:
 - Level 4.0 Fighting
 - Level 1.7 Maces & Flails
 + Level 3.5 Throwing
 - Level 1.2 Armour
 - Level 1.3 Dodging
 - Level 1.7 Spellcasting
 - Level 5.0 Translocations


You had 8 spell levels left.
You didn't know any spells.
Your spell library contained the following spells:

 Spells                   Type           Power      Damage    Failure   Level
 Blink                    Tloc           34%        N/A       4%          2
 Lesser Beckoning         Tloc           34%        N/A       4%          2
 Gell's Gravitas          Tloc           17%        N/A       10%         3
 Teleport Other           Tloc           17%        N/A       10%         3
 Beastly Appendage        Tmut           2%         N/A       26%         1
 Slow                     Hex            4%         N/A       26%         1
 Vhi's Electric Charge    Tloc/Air       18%        N/A       28%         3
 Manifold Assault         Tloc           17%        N/A       32%         4
 Wereblood                Tmut           1%         N/A       36%         2
 Confusing Touch          Hex            1%         N/A       61%         3
 Spider Form              Tmut/Pois      1%         N/A       61%         3
 Vampiric Draining        Necr           1%         2d6       61%         3
 Dispersal                Tloc           8%         N/A       99%         6


Dungeon Overview and Level Annotations

Branches:
Dungeon (4/15)
 Temple: D:4-7

Altars:

Shops:
D:1 (!:   D:2 :


Innate Abilities, Weirdness & Mutations

You are completely covered in rugged brown scales. (AC +3, +7% HP)
Armour fits poorly on your strangely shaped body.
You have a long armoured tail.
You roll when moving toward enemies. (Rampage)
Your long tongue fully drains potion bottles. (2x potion effects)
Your tongue gives you trouble enunciating. (1.5x scroll delay)


Message History

You closely miss the steam dragon.
The steam dragon is heavily wounded.
The steam dragon barely misses you.
The steam dragon claws you but does no damage.
You hit the steam dragon but do no damage.
Your tail-slap misses the steam dragon.
The steam dragon is heavily wounded.
The steam dragon breathes steam at you. The ball of steam misses you.
The steam dragon bites you!
* * * LOW HITPOINT WARNING * * *
The steam dragon claws you but does no damage.
You barely miss the steam dragon. You tail-slap the steam dragon!
The steam dragon is severely wounded.
The steam dragon barely misses you. x2
You hit the steam dragon.
You tail-slap the steam dragon, but do no damage.
The steam dragon is severely wounded.
The steam dragon bites you but does no damage.
The steam dragon claws you but does no damage.
You hit the steam dragon but do no damage.
The steam dragon is severely wounded.
The steam dragon bites you but does no damage.
The steam dragon claws you.
* * * LOW HITPOINT WARNING * * *
Unknown command.
You barely miss the steam dragon.
The steam dragon is severely wounded.
The steam dragon barely misses you. The steam dragon closely misses you.
The steam dragon breathes steam at you. The ball of steam hits you!
* * * LOW HITPOINT WARNING * * *
You closely miss the steam dragon.
The steam dragon is severely wounded.
The steam dragon bites you but does no damage.
The steam dragon misses you.
You barely miss the steam dragon.
The steam dragon is severely wounded.
The steam dragon breathes steam at you. The ball of steam hits you!
You die...

##########
#........[
#....h....
#######
#.........
#....<.
#>....h..D
###......
#..########
#<'......
#.....D@ยง.#
###......
#.....###.#
#......
#...#..##.#
#......
#...##..#.#####
#...D..
#....##.#.....#
#......
#.#.......###.#
#....D.
#.#.#####..##)#
#####'# #(#.#
#...#.# #.#
#.#.#
##.[))########.#


You could see a steam dragon (catching breath).

Vanquished Creatures
  A gnoll bouda (D:3)
  An orc priest (D:3)
  2 hounds
  2 orc wizards (D:3)
  4 gnolls (D:3)
  9 adders
  A worm (D:2)
  9 dart slugs
  11 orcs
  5 ball pythons
  6 bats
  7 endoplasms
  2 giant cockroaches
  6 goblins
  8 hobgoblins
  16 jackals
  2 quokkas (D:3)
  3 frilled lizards
  6 kobolds
  8 rats
109 creatures vanquished.

Vanquished Creatures (others)
  A jackal (D:4)
1 creature vanquished.

Grand Total: 110 creatures vanquished

Notes
Turn   | Place    | Note
-------+----------+-------------------------------------------
     0 | D:1      | cdecastro the Armataur Warper began the quest for the Orb.
     0 | D:1      | Reached XP level 1. HP: 18/18 MP: 3/3
   137 | D:1      | Found Cohut's Book Shop.
   176 | D:1      | Reached XP level 2. HP: 26/26 MP: 4/4
   276 | D:1      | Found Leikk's Weapon Shop.
   411 | D:1      | Found Oramp's Distillery.
   430 | D:1      | Bought a potion of might for 52 gold pieces
   714 | D:1      | Reached XP level 3. HP: 33/33 MP: 5/5
   996 | D:2      | Found Taidietz's Book Shop.
  1637 | D:2      | Reached XP level 4. HP: 40/42 MP: 6/6
  1783 | D:3      | Reached skill level 4 in Translocations
  1877 | D:3      | Reached XP level 5. HP: 45/49 MP: 7/7
  1931 | D:3      | Reached skill level 5 in Translocations
  1931 | D:3      | Reached skill level 1 in Throwing
  2129 | D:3      | Reached XP level 6. HP: 34/55 MP: 8/8
  2975 | D:4      | Noticed a steam dragon
  3465 | D:4      | Killed from afar by a steam dragon

Illustrated notes

Levels and vault maps discovered:
D:1:      grunt_arrival_lava_bath, layout_loops_ring, serial_shops, shop,
          nicolae_shop_bloodbath_and_beyond, nicolae_shop_hallway_plus
D:2:      layout_basic, serial_shops, shop
D:3:      kennysheep_slugbush, layout_basic, minmay_increasing_density
D:4:      layout_basic

Skill      XL: |  1  2  3  4  5  6 |
---------------+-------------------+-----
Fighting       | 2 3 4 |  4.0
Translocations | 4 5 |  5.0
Throwing       | 2 3 |  3.5
Maces & Flails | |  1.7
Armour         | |  1.2
Dodging        | |  1.3
Spellcasting   | |  1.7

Action                     |  1- 3 |  4- 6 || total
---------------------------+-------+-------++-------
  Melee: Mace              |    95 |   163 ||   258
         Tailslap          |     5 |    18 ||    23
 Armour: Leather armour    |    42 |   118 ||   160
  Dodge: Dodged            |    44 |    86 ||   130
